 Dungeon Crawl Stone Soup version 0.21.1-1-g345015fe64 (webtiles) character file.

4 Nordon the Sneak (level 1, -3/9 HPs)
             Began as a Vine Stalker Enchanter on May 15, 2018.
             Slain by a hobgoblin
             ... wielding a +0 club
              (4 damage)
             ... on level 1 of the Dungeon.
             The game lasted 00:00:28 (85 turns).

Nordon the Sneak (Vine Stalker Enchanter)             Turns: 85, Time: 00:00:29

Health: -3/9       AC:  2    Str: 10    XL:     1   Next: 60%
Magic:  0/4        EV: 12    Int: 15    God:
Gold:   10         SH:  0    Dex: 14    Spells: 3/4 levels left

rFire    . . .     SeeInvis .   a - +1 dagger
rCold    . . .     Gourm    .   (no shield)
rNeg     . . .     Faith    .   b - +0 robe
rPois    .         Spirit   +   (no helmet)
rElec    .         Reflect  .   (no cloak)
rCorr    .         Harm     .   (no gloves)
MR       .....                  (no boots)
Stlth    ++........             (no amulet)
HPRegen  0.03/turn              (no ring)
MPRegen  0.09/turn              (no ring)

@: no status effects
A: fangs 2, magic shield, antimagic bite, no potion heal 3, rot immunity
a: no special abilities


You were on level 1 of the Dungeon.
You were not hungry.

You visited 1 branch of the dungeon, and saw 1 of its levels.

You collected 10 gold pieces.


Innate Abilities, Weirdness & Mutations

You have extremely sharp teeth.
When hurt, damage is shared between your health and your magic reserves.
Your bite disrupts and absorbs the magic of your enemies.
Potions cannot restore your health.
You are immune to rotting.


   Skills:
 * Level 1.2 Short Blades
 - Level 1.5 Dodging
 + Level 3.7 Stealth
 - Level 2.1 Spellcasting
 - Level 3.0 Hexes


You had 3 spell levels left.
You knew the following spells:

 Your Spells              Type           Power        Failure   Level  Hunger
z - Corona                Hex            ##.....      6%          1    #......

Inventory:

Hand Weapons
 a - a +1 dagger (weapon)
Armour
 b - a +0 robe (worn)
Scrolls
 e - a scroll of identify {unknown}
Books
 c - a book of Maledictions

   Spells                             Type                      Level
   a - Corona                         Hexes                        1
   b - Ensorcelled Hibernation        Hexes/Ice                    2
   c - Confuse                        Hexes                        3
   d - Tukima's Dance                 Hexes                        3
   e - Dazzling Spray                 Conjuration/Hexes            3
Comestibles
 d - 3 rations {@e1}
 f - a chunk of flesh

Dungeon Overview and Level Annotations

Branches:
Dungeon (1/15)

Altars:

. #.░.....░.#.......#
..#.▒....)▒.###.###.#
....░.....░.#...#
#...▒.....▒.#.###
#.░..<..░.#.#
#.▒.....▒.#.###
#...░.....░.#...#
+...▒.....▒.###.#
##..░.....░..g@.#
..#..........##.# .
##########'#####.#
#.......b...#
#.#.....g#...
#..........
#..........
......?....
#####.g.....


You could see a hobgoblin.


Message History

You are too injured to fight recklessly!
You are too injured to fight recklessly!
You are too injured to fight recklessly!
You closely miss the hobgoblin. The hobgoblin completely misses you.
You barely miss the hobgoblin. You hit the hobgoblin.
You bite the hobgoblin, but do no damage.
The hobgoblin is heavily wounded.
The hobgoblin closely misses you.
You completely miss the hobgoblin.
The hobgoblin is heavily wounded.
The hobgoblin hits you.
* * * LOW HITPOINT WARNING * * *
You completely miss the hobgoblin.
The hobgoblin is heavily wounded.
The hobgoblin barely misses you.
Casting: Corona
Confirm with . or Enter, or press ? or * to list all spells.
Aiming: Corona
Press: ? - help, Shift-Dir - straight line, f - hobgoblin
Aim: a hobgoblin (heavily wounded, chance to defeat MR: 63%)
The hobgoblin struggles to resist.
The hobgoblin hits you.
* * * LOW HITPOINT WARNING * * *
You hit the hobgoblin.
The hobgoblin is almost dead.
The hobgoblin barely misses you.
You barely miss the hobgoblin.
You kill the hobgoblin!
You closely miss the hobgoblin. The hobgoblin hits you with a club.
You die...

Skill      XL: |  1 |
---------------+----+-----
Short Blades   | 1 |  1.2
Dodging        | |  1.5
Stealth        | |  3.7
Spellcasting   | |  2.1
Hexes          | |  3.0

Action                   || total
-------------------------++-------
Melee: Dagger            ||    18
       Bite              ||     3
 Cast: Corona            ||     1
Armor: Robe              ||     4
Dodge: Dodged            ||    11

Vault maps used:
D:1:      minmay_arrival_semitransparent, minmay_misc_feat_room

Notes
Turn   | Place    | Note
-------+----------+-------------------------------------------
     0 | D:1      | Nordon the Vine Stalker Enchanter began the quest for the Orb.
     0 | D:1      | Reached XP level 1. HP: 9/9 MP: 4/4
    72 | D:1      | Reached skill level 1 in Short Blades
    85 | D:1      | Slain by a hobgoblin

Vanquished Creatures
  2 bats (D:1)
  A hobgoblin (D:1)
  A rat (D:1)
4 creatures vanquished.

Table legend:
 A = Turns spent in this place as a percentage of turns spent in the entire game.
 B = Non-inter-level travel turns spent in this place as a percentage of non-inter-level travel turns spent in the entire game.
 C = Inter-level travel turns spent in this place as a percentage of turns spent in this place.
 D = Turns resting spent in this place as a percentage of non-inter-level travel turns spent in this place.
 E = Turns spent auto-exploring this place as a percentage of non-inter-level travel turns spent in this place.
 F = Non-inter-level travel turns spent in this place divided by the number of levels of this place that you've seen.
                   A       B       C       D       E      F
               +-------+-------+-------+-------+-------+----------------------
         Total | 100.0 | 100.0 |   0.0 |   0.0 |  64.7 |  85.0
       Dungeon | 100.0 | 100.0 |   0.0 |   0.0 |  64.7 |  85.0
               +-------+-------+-------+-------+-------+----------------------

Table legend:
 A = Spawn XP
 B = Non-spawn XP
 C = Spawn XP percentage of total XP
 D = Spawn monster count
 E = Non-spawn monster count
 F = Spawn count percentage of total count
 G = Total turns spent on level
                    A         B        C        D         E        F      G
               +---------+---------+-------+---------+---------+-------+---------
         Total |       0 |       6 |   0.0 |       0 |       4 |   0.0 |    85
               +---------+---------+-------+---------+---------+-------+---------
           D:1 |       0 |       6 |   0.0 |       0 |       4 |   0.0 |    85
               +---------+---------+-------+---------+---------+-------+---------
